 Dungeon Crawl Stone Soup version 0.30-a0-187-gd9c2deaf24 (webtiles) character file.

Game seed: 11606505954536430400

30 NinjaNoafa the Magician (level 3, -4/24 HPs)
             Began as a Demonspawn Hedge Wizard on Oct 3, 2022.
             Was a Follower of Jiyva.
             Killed by nerve-wracking pain
             ... invoked by Jessica
              (11 damage)
             ... on level 2 of the Dungeon.
             The game lasted 00:03:27 (1088 turns).

NinjaNoafa the Magician (Demonspawn Hedge Wizard)   Turns: 1088, Time: 00:03:28

Health: -4/24      AC:  8    Str: 10    XL:     3   Next: 3%
Magic:  7/7        EV: 11    Int: 17    God:    Jiyva [*.....]
Gold:   11         SH:  0    Dex: 12    Spells: 7/8 levels left

rFire   . . .      SeeInvis .    a - +0 dagger
rCold   . . .      Faith    .    (no shield)
rNeg    . . .      Spirit   .    i - +3 leather armour
rPois   .          Reflect  .    c - +0 hat
rElec   .          Harm     .    (no cloak)
rCorr   .          Rampage  .    (no gloves)
Will    .....                    (no boots)
Stlth   ++........               (no amulet)
HPRegen 1.04/turn                (no ring)
MPRegen 0.35/turn                (no ring)

@: no status effects
A: icy blue scales 1
a: Renounce Religion


You were on level 2 of the Dungeon.
You worshipped Jiyva.
Jiyva was aware of your devotion.
You visited 1 branch of the dungeon, and saw 2 of its levels.

You collected 11 gold pieces.

Inventory:

Hand Weapons
 a - a +0 dagger (weapon)
Missiles
 h - 14 stones
Armour
 c - a +0 hat (worn)
 i - a +3 leather armour (worn)
Scrolls
 b - a scroll of silence {unknown}
 f - a scroll of teleportation {unknown}
 g - a scroll of amnesia {unknown}
Potions
 e - a potion of attraction {unknown}


   Skills:
 - Level 1.7 Dodging
 - Level 1.7 Stealth
 - Level 3.0 Spellcasting
 * Level 1.8 Conjurations
 + Level 1.1 Hexes
 + Level 1.6 Summonings
 + Level 1.4 Translocations


You had 7 spell levels left.
You knew the following spells:

 Your Spells              Type           Power      Damage    Failure   Level
a - Magic Dart            Conj           32%        1d4       12%         1

Your spell library contained the following spells:

 Spells                   Type           Power      Damage    Failure   Level
 Slow                     Hex            24%        N/A       16%         1
 Call Imp                 Summ           7%         N/A       19%         2
 Blink                    Tloc           14%        N/A       21%         2
 Cigotuvi's Dreadful Rot  Necr/Pois/Air  4%         N/A       34%         2
 Mephitic Cloud           Conj/Pois/Air  4%         N/A       50%         3


Dungeon Overview and Level Annotations

Branches:
Dungeon (2/15)

Altars:
Jiyva

Annotations:
D:2 Jessica


Innate Abilities, Weirdness & Mutations

You are partially covered in icy blue scales. (AC +2)


Message History

You barely miss Jessica. Jessica hits you with a +3 club.
You hit Jessica but do no damage.
Jessica gestures wildly while chanting.
Jessica blinks!
Jessica points at you and mumbles some strange words.
Pain shoots through your body!
You hit the rat.
You kill the rat!
The magic dart hits Jessica.
Jessica is lightly wounded.
Jessica points at you and mumbles some strange words.
You resist with some effort.
The magic dart hits Jessica.
Jessica is moderately wounded.
Jessica casts a spell.
Jessica blinks!
A goblin comes into view. It is wielding a +0 dagger.
The magic dart hits Jessica.
Jessica is moderately wounded.
The magic dart hits Jessica.
Jessica is heavily wounded.
Jessica barely misses you.
The magic dart hits Jessica.
Jessica is almost dead.
Jessica shouts, "You're disturbing me!
I'll have to kill you!" Jessica hits you with a +3 club!
Jessica hits you but does no damage.
The magic dart hits Jessica but does no damage.
Jessica is almost dead.
Jessica closely misses you.
The magic dart hits Jessica but does no damage.
Jessica is almost dead.
Jessica hits you but does no damage.
Jessica points at you and mumbles some strange words.
Pain shoots through your body!
Ouch! That really hurt!
* * * LOW HITPOINT WARNING * * *
Magic courses through your body. Jessica casts a spell at you.
Pain shoots through your body!
You die...

## .# .### .# ...###
.#####.
##...####.....).
###.......<....
####)..#....#
####...>..#
#....#.############...
#..##...#####..@@g.....
... #.#.......#####....
## #...####### . #####


You could see Jessica (fast) and a goblin.

Vanquished Creatures
  A bat (D:1)
  2 endoplasms (D:1)
  2 giant cockroaches
  4 goblins
  3 hobgoblins
  5 kobolds
  A quokka (D:1)
  3 ball pythons (D:1)
  A frilled lizard (D:1)
  2 rats
24 creatures vanquished.

Notes
Turn   | Place    | Note
-------+----------+-------------------------------------------
     0 | D:1      | NinjaNoafa the Demonspawn Hedge Wizard began the quest for
                  | the Orb.
     0 | D:1      | Reached XP level 1. HP: 13/13 MP: 4/4
    43 | D:1      | Reached skill level 1 in Translocations
   134 | D:1      | Gained mutation: You are partially covered in icy blue
                  | scales. (AC +2) [demonic ancestry]
   134 | D:1      | Reached XP level 2. HP: 19/19 MP: 0/6
   548 | D:1      | Reached skill level 1 in Hexes
   812 | D:1      | Found a faded altar of an unknown god.
   816 | D:1      | Prayed at the altar of an unknown god.
   816 | D:1      | Became a worshipper of Jiyva Juivew the Shapeless
   816 | D:1      | Reached * piety under Jiyva
  1051 | D:2      | Reached XP level 3. HP: 24/24 MP: 3/7
  1071 | D:2      | Noticed Jessica
  1088 | D:2      | Killed from afar by Jessica

Illustrated notes

Levels and vault maps discovered:
D:1:      minmay_arrival_four_houses, layout_loops_cross,
          nicolae_ecumenical_lake_church
D:2:      layout_rooms, grunt_ministairs_2, minmay_stone_trees_small,
          serial_bayou_ford_a, uniq_jessica

Skill      XL: |  1  2 |
---------------+-------+-----
Translocations | 1 |  1.4
Hexes          | 1 |  1.1
Dodging        | |  1.7
Stealth        | |  1.7
Spellcasting   | |  3.0
Conjurations   | |  1.8
Summonings     | |  1.6

Action                   || total
-------------------------++-------
Melee: Dagger            ||    62
 Cast: Magic Dart        ||    41
  Use: Potion            ||     1
 Stab: Sleeping          ||     2
Armor: Robe              ||     6
       Leather armour    ||    25
Dodge: Dodged            ||    44

Table legend: (Time is in decaauts)
 A = Elapsed time spent in this place.
 B = Non-inter-level travel time spent in this place.
 C = Inter-level travel time spent in this place.
 D = Time resting spent in this place.
 E = Time spent auto-exploring this place.
 F = Levels seen in this place.
 G = Mean time per level.
                   A        B        C        D        E       F      G
               +--------+--------+--------+--------+--------+-----+--------+
         Total |   1089 |   1064 |     25 |      0 |    845 |   2 |  544.5 |
       Dungeon |   1089 |   1064 |     25 |      0 |    845 |   2 |  544.5 |
               +--------+--------+--------+--------+--------+-----+--------+

Top non-repeatable levels by time:
     D:1: 971 daAuts
     D:2: 117 daAuts
